 Dungeon Sprint DCSS version 0.30-a0-341-g682706514a (webtiles) character file.

Game seed: 14470325497293546886

432 Hubris850 the Martial Artist (level 7, -1/57 HPs)
             Began as a Merfolk Transmuter on Nov 2, 2022.
             Was an Initiate of Sif Muna.
             Slain by Sonja
             ... wielding a +1 dagger of distortion
              (4 damage)
             ... in the Dungeon (Sprint I: "Red Sonja").
             The game lasted 00:03:29 (566 turns).

Hubris850 the Martial Artist (Merfolk Transmuter)    Turns: 566, Time: 00:03:30

Health: -1/57      AC:  7    Str: 12    XL:     7   Next: 0%
Magic:  10/14      EV: 10    Int: 12    God:    Sif Muna [......]
Gold:   324        SH:  0    Dex: 15    Spells: 8/16 levels left

rFire   x . .      SeeInvis .      - Unarmed
rCold   + + +      Faith    .    (shield currently unavailable)
rNeg    . . .      Spirit   .    (body armour currently unavailable)
rPois   +          Reflect  .    (helmet currently unavailable)
rElec   .          Harm     .    (cloak currently unavailable)
rCorr   .          Rampage  .    (gloves currently unavailable)
Will    .....      NoTele   +    (boots currently unavailable)
Stlth   +.........               (no amulet)
HPRegen 0.29/turn                (no ring)
MPRegen 0.14/turn                (no ring)

@: ice-form
A: freezing attack, boosted hp, large, (nimble swimmer 2), (mertail)
a: End Transformation, Renounce Religion


You were in the Dungeon.
You worshipped Sif Muna.
Sif Muna was noncommittal.
You were a creature of crystalline ice.
You visited 1 branch You collected 324 gold pieces.

Inventory:

Armour
 a - a +0 robe (melded)
 i - a +0 helmet (melded)
Wands
 g - a wand of paralysis (2)
Scrolls
 h - a scroll of blinking
Potions
 b - a potion of lignification
 c - a potion of curing
 d - a potion of heal wounds
 e - a potion of haste
 f - 2 potions of magic


   Skills:
 - Level 1.1 Fighting
 - Level 2.6 Dodging
 + Level 12.4 Unarmed Combat
 - Level 5.2 Spellcasting
 - Level 7.4 Transmutations
 - Level 5.6 Ice Magic


You had 8 spell levels left.
You knew the following spells:

 Your Spells              Type           Power      Damage    Failure   Level
a - Beastly Appendage     Tmut           42%        N/A       1%          1
b - Spider Form           Tmut/Pois      12%        N/A       13%         3
c - Ice Form              Ice/Tmut       18%        N/A       13%         4

Your spell library contained the following spells:

 Spells                   Type           Power      Damage    Failure   Level
 Wereblood                Tmut           21%        N/A       1%          2


Dungeon Overview and Level Annotations

Branches:
Dungeon (1/1)

Altars:
Cheibriados
Dithmenos
Elyvilon
Fedhas
Gozag
Hepliaklqana
Kikubaaqudgha
Nemelex Xobeh
Okawaru
Qazlal
Ru
Sif Muna
Trog
Uskayaw
Vehumet
Wu Jian
Yredelemnul
Zin
The Shining One

Shops:
D *

Annotations:
D Sonja


Innate Abilities, Weirdness & Mutations

You are a creature of crystalline ice.
You have a powerful freezing melee attack.
Your maximum health is increased.
Your armour is entirely melded.
You are incapable of wielding weapons or throwing items.
((You are very nimble when in or above water. (Stealth+, EV+, Speed+++)))
((Your lower body shifts to a powerful aquatic tail in water.))


Message History

You open the door.
Sonja, the Graceful Assassin comes into view.
She is wielding a +1 dagger of distortion and quivering curare-tipped darts.
Sonja shouts!
Sonja gestures wildly while chanting.
Sonja blinks!
Found 108 gold pieces.
You miss Sonja. Sonja closely misses you.
Sonja hits you with a +1 dagger of distortion.
Sonja closely misses you.
You barely miss Sonja.
Sonja hits you with a +1 dagger of distortion.
Sonja misses you.
Sonja hits you with a +1 dagger of distortion.
Space warps horribly around you!
You hit Sonja. You freeze Sonja.
Sonja is lightly wounded.
Sonja hits you with a +1 dagger of distortion.
Sonja hits you with a +1 dagger of distortion!
Sonja barely misses you. Sonja closely misses you.
Sonja hits you with a +1 dagger of distortion.
Space warps around you.
* * * LOW HITPOINT WARNING * * *
Sonja hits you with a +1 dagger of distortion.
* * * LOW HITPOINT WARNING * * *
Space warps around you.
* * * LOW HITPOINT WARNING * * *
You punch Sonja! You freeze Sonja.
Sonja is severely wounded.
Sonja closely misses you. x2; Sonja hits you but does no damage.
Space warps around you.
* * * LOW HITPOINT WARNING * * *
You hit Sonja. You freeze Sonja.
Sonja is almost dead.
Sonja closely misses you. x2; Sonja hits you but does no damage.
Space warps around you!
* * * LOW HITPOINT WARNING * * *
You closely miss Sonja.
Sonja is almost dead.
Sonja hits you with a +1 dagger of distortion.
You die...

################
#<.#..'..#.)'..#
#..').#..'..#..+
#..#####'#####'#
#..####..#...#.#
#..#__####..##.#
#..#_____##'#_.+
#⌠⌠#_.∩..÷'..K_#
####_..__##_Y#'#
#_____###'#.#
####### #.###
$.$ $.$ ##.##
#+#


You could see Sonja.

Vanquished Creatures
  Sigmund (D)
  A yak (D)
  An ogre (D)
  A jelly (D)
  Ijyb (D)
5 creatures vanquished.

Notes
Turn   | Place    | Note
-------+----------+-------------------------------------------
     0 | D        | Hubris850 the Merfolk Transmuter began the quest for the
                  | Orb.
     0 | D        | Reached XP level 1. HP: 15/15 MP: 3/3
     1 | D        | Noticed Ijyb
     8 | D        | Paralysed by Ijyb for 5 turns
    18 | D        | Killed Ijyb
    19 | D        | Reached skill level 5 in Transmutations
    19 | D        | Reached XP level 2. HP: 14/21 MP: 3/6
    19 | D        | Reached XP level 3. HP: 18/26 MP: 4/8
    71 | D        | Learned a level 3 spell: Spider Form
    99 | D        | Noticed an ogre
   108 | D        | Killed an ogre
   109 | D        | Reached skill level 5 in Spellcasting
   109 | D        | Reached skill level 5 in Ice Magic
   109 | D        | Reached XP level 4. HP: 5/32 MP: 7/11
   222 | D        | Learned a level 4 spell: Ice Form
   270 | D        | Noticed Sigmund
   273 | D        | Killed Sigmund
   274 | D        | Reached skill level 9 in Unarmed Combat
   274 | D        | Reached XP level 5. HP: 37/37 MP: 7/12
   274 | D        | Reached XP level 6. HP: 43/43 MP: 7/13
   285 | D        | Found a shimmering blue altar of Sif Muna.
   286 | D        | Found an ornate altar of the Wu Jian Council.
   287 | D        | Found a radiant altar of Vehumet.
   292 | D        | Reached skill level 10 in Unarmed Combat
   343 | D        | Found Yteoful's General Store.
   343 | D        | Found an ancient bone altar of Kikubaaqudgha.
   343 | D        | Found a hazy altar of Hepliaklqana.
   343 | D        | Found a stormy altar of Qazlal.
   343 | D        | Found a hide-covered altar of Uskayaw.
   343 | D        | Found a blossoming altar of Fedhas.
   343 | D        | Found a bloodstained altar of Trog.
   343 | D        | Found an iron altar of Okawaru.
   343 | D        | Found a basalt altar of Yredelemnul.
   343 | D        | Found a glowing golden altar of the Shining One.
   343 | D        | Found a snail-covered altar of Cheibriados.
   343 | D        | Found a sacrificial altar of Ru.
   343 | D        | Found a glowing silver altar of Zin.
   343 | D        | Found a shadowy altar of Dithmenos.
   343 | D        | Found a white marble altar of Elyvilon.
   343 | D        | Noticed a yak
   344 | D        | Found an opulent altar of Gozag.
   349 | D        | Killed a yak
   350 | D        | Reached skill level 12 in Unarmed Combat
   350 | D        | Reached XP level 7. HP: 31/48 MP: 10/14
   350 | D        | Found a sparkling altar of Nemelex Xobeh.
   362 | D        | Became a worshipper of Sif Muna the Loreminder
   560 | D        | Noticed Sonja
   566 | D        | Slain by Sonja

Illustrated notes

Levels and vault maps discovered:
D:        dungeon_sprint_1 [red_sonja_temple_1, red_sonja_temple_small_1]

Skill      XL: |  1  2  3  4  5  6 |
---------------+-------------------+-----
Spellcasting   | 3 5 |  5.2
Transmutations | 5 7 |  7.4
Ice Magic      | 3 5 |  5.6
Unarmed Combat | 9 12 | 12.4
Fighting       | |  1.1
Dodging        | |  2.6

Action                   |  1- 3 |  4- 6 |  7- 9 || total
-------------------------+-------+-------+-------++-------
Melee: Unarmed           |    13 |     8 |     6 ||    27
 Cast: Spider Form       |     1 |       |       ||     1
       Ice Form          |       |     2 |     1 ||     3
Evoke: Wand              |     1 |       |       ||     1
  Use: Potion            |     1 |       |       ||     1
 Stab: Paralysed         |     1 |       |       ||     1
       Sleeping          |       |     1 |       ||     1
Armor: Skin              |       |     1 |     2 ||     3
Dodge: Dodged            |     5 |     2 |     9 ||    16

Table legend: (Time is in decaauts)
 A = Elapsed time spent in this place.
 B = Non-inter-level travel time spent in this place.
 C = Inter-level travel time spent in this place.
 D = Time resting spent in this place.
 E = Time spent auto-exploring this place.
 F = Levels seen in this place.
 G = Mean time per level.
                   A        B        C        D        E       F      G
               +--------+--------+--------+--------+--------+-----+--------+
         Total |    571 |    571 |      0 |    421 |      0 |   1 |  571.0 |
       Dungeon |    571 |    571 |      0 |    421 |      0 |   1 |  571.0 |
               +--------+--------+--------+--------+--------+-----+--------+

Top non-repeatable levels by time:
       D: 571 daAuts
